 Dungeon Crawl Stone Soup version 0.32-a0-886-g41c5271027 (webtiles) character file.

Game seed: 8951443137188617392

2359 Fractals the Cleaver (level 9, 0/68 HPs)
             Began as a Gnoll Wanderer on Apr 2, 2024.
             Slain by a yak (6 damage)
             ... on level 7 of the Dungeon.
             The game lasted 00:16:01 (6907 turns).

Fractals the Cleaver (Gnoll Wanderer)               Turns: 6907, Time: 00:16:01

Health: 0/68       AC: 16    Str: 21    XL:     9   Next: 44%
Magic:  16/16      EV:  8    Int: 11    God:
Gold:   537        SH:  9    Dex: 13    Spells: 18/18 levels left

rFire   . . .        l - +1 short sword (venom)
rCold   . . .        C - +0 kite shield
rNeg    . . .        u - +3 chain mail
rPois   .            w - +0 helmet
rElec   .            (no cloak)
rCorr   .            I - +0 pair of gloves
SInv    .            B - +0 pair of boots
Will    .....        (no amulet)
Stlth   x              - +6 ring of strength
HPRegen 0.31/turn    (no ring)
MPRegen 0.15/turn

%: no passive effects
@: no status effects
A: fangs 1, strong nose, distributed training
a: no special abilities


You were on level 7 of the Dungeon.
You visited 1 branch of the dungeon, and saw 7 of its levels.

You collected 537 gold pieces.

Inventory:

Hand Weapons
 a - a +0 war axe
 f - a +4 whip
 l - a +1 short sword of venom (weapon)
Missiles
 j - 11 poisoned darts (quivered)
Armour
 b - a +0 pair of gloves
 u - a +3 chain mail (worn)
 w - a +0 helmet (worn)
 B - a +0 pair of boots (worn)
 C - a +0 kite shield (worn)
 I - a +0 pair of gloves (worn)
Jewellery
 x - a +6 ring of strength (left hand)
 F - a ring of poison resistance
 G - a ring of flight
Wands
 v - a wand of warping (8)
 E - a wand of digging (4)
 J - a wand of flame (15)
Scrolls
 d - a scroll of acquirement {unknown}
 g - a scroll of enchant armour {unknown}
 i - a scroll of blinking {unknown}
 p - a scroll of vulnerability {unknown}
 r - 2 scrolls of amnesia
 s - 5 scrolls of teleportation
 t - a scroll of fog
 z - a scroll of poison
 H - a scroll of revelation {unknown}
Potions
 c - 3 potions of berserk rage
 e - 3 potions of might
 h - 2 potions of degeneration {unknown}
 k - 2 potions of attraction {unknown}
 m - 5 potions of curing
 n - a potion of brilliance {unknown}
 o - a potion of enlightenment {unknown}
 q - a potion of cancellation {unknown}
 A - 2 potions of lignification {unknown}
 D - a potion of ambrosia {unknown}


   Skills:
 + Level 5.2 Fighting
 + Level 4.4 Short Blades
 + Level 4.4 Long Blades
 + Level 11.3 Axes
 + Level 4.4 Maces & Flails
 + Level 4.4 Polearms
 + Level 4.4 Staves
 + Level 4.4 Ranged Weapons
 + Level 5.2 Throwing
 + Level 4.4 Armour
 + Level 5.2 Dodging
 + Level 4.4 Stealth
 + Level 4.4 Shields
 + Level 4.4 Unarmed Combat
 + Level 5.3 Spellcasting
 + Level 4.3 Conjurations
 + Level 3.6 Hexes
 + Level 3.6 Summonings
 + Level 3.6 Necromancy
 + Level 3.6 Translocations
 + Level 3.6 Fire Magic
 + Level 3.6 Ice Magic
 + Level 3.6 Air Magic
 + Level 3.6 Earth Magic
 + Level 3.6 Alchemy
 + Level 4.9 Invocations
 + Level 4.4 Evocations
 + Level 4.0 Shapeshifting


You had 18 spell levels left.
You didn't know any spells.
Your spell library contained the following spells:

 Spells                   Type           Power      Damage    Failure   Level
 Slow                     Hex            40%        N/A       58%         1
 Searing Ray              Conj           24%        2d5       63%         2
 Static Discharge         Conj/Air       22%        3-4/arc   67%         2
 Lesser Beckoning         Tloc           20%        N/A       73%         2
 Mercury Vapours          Alch/Air       20%        N/A       73%         2
 Scorch                   Fire           20%        2d5       73%         2
 Mephitic Cloud           Conj/Alch/Air  11%        N/A       89%         3
 Confusing Touch          Hex            10%        N/A       91%         3
 Maxwell's Portable Pile  Tloc           10%        2d(6-16)  91%         3
 Teleport Other           Tloc           10%        N/A       91%         3
 Tukima's Dance           Hex            10%        N/A       91%         3
 Vampiric Draining        Necr           10%        2d6       91%         3
 Flame Wave               Conj/Fire      11%        2d6       99%         4
 Passage of Golubria      Tloc           10%        N/A       100%        4
 Arcjolt                  Conj/Air       5%         1d15      100%        5
 Freezing Cloud           Conj/Ice/Air   5%         6-21      100%        5
 Yara's Violent Unravell  Hex/Alch       5%         3d4       100%        5
 Summon Cactus Giant      Summ           5%         N/A       100%        6
 Fire Storm               Conj/Fire      5%         8d2       100%        9


Dungeon Overview and Level Annotations

Branches:
Dungeon (7/15)
 Temple: D:4-7

Altars:
Fedhas
Gozag
Makhleb
Qazlal
Ru
Sif Muna
Zin

Annotations:
D:3 Natasha
D:5 1 runed translucent door, Crazy Yiuf


Innate Abilities, Weirdness & Mutations

You have very sharp teeth.
Your uncanny sense of smell can sniff out nearby items.
Your experience applies equally to all skills.


Message History

You hit the yak.
The yak looks as sick as possible!
The yak is severely wounded.
The yak gores you but does no damage. The yak gores you!
You hit the yak.
The yak looks as sick as possible!
The yak is almost dead.
The yak gores you. x2
You hit the yak.
The yak looks as sick as possible!
The yak is heavily wounded.
The yak gores you!
* * * LOW HITPOINT WARNING * * *
The yak closely misses you.
You barely miss the yak.
The yak is heavily wounded.
You kill the yak!
The yak gores you!
* * * LOW HITPOINT WARNING * * *
Your Shapeshifting skill increases to level 4!
You hit the yak but do no damage.
The yak looks as sick as possible!
Your bite misses the yak.
The yak is heavily wounded.
The yak gores you but does no damage.
You hit the yak but do no damage.
The yak looks as sick as possible!
The yak is heavily wounded.
You hit the yak.
The yak is severely wounded.
The yak gores you!
* * * LOW HITPOINT WARNING * * *
You hit the yak.
The yak looks as sick as possible!
The yak is severely wounded.
The yak barely misses you.
You barely miss the yak.
The yak is severely wounded.
The yak gores you but does no damage.
You hit the yak but do no damage.
The yak looks as sick as possible!
The yak is severely wounded.
The yak gores you but does no damage.
You hit the yak but do no damage.
The yak looks as sick as possible!
The yak is almost dead.
The yak gores you.
You die...

.[...#.# #.
....##.#######.#
................
#.####..Y#####..
#.....##..#####.##
#####.###....##..#
#........###.#
########..##†# #..##@#
#...Y.# ###...########
#.#........# #.#.......<#
##### ######.#[.......#
....#####.................
......[...####.##.......##
....#########...........#


You could see a yak (extremely poisoned).

Vanquished Creatures
  A wyvern (D:7)
  3 yaks (D:7)
  An ice beast (D:7)
  2 black bears
  2 centaurs (D:5)
  2 bullfrogs (D:6)
  2 scorpions (D:5)
  An electric eel (D:7)
  2 jellies
  A gnoll bouda (D:6)
  2 orc priests (D:6)
  5 hounds
  5 iguanas
  Natasha (twice) (D:3)
  5 orc wizards
  2 sleepcaps
  Robin (D:3)
  16 gnolls
  12 adders
  A shadow imp (D:7)
  3 ribbon worms
  2 dart slugs
  27 orcs
  3 bats
  6 endoplasms
  4 giant cockroaches
  10 goblins
  7 hobgoblins
  14 jackals
  9 kobolds
  3 quokkas
  8 ball pythons
  6 frilled lizards
  4 rats (D:1)
174 creatures vanquished.

Notes
Turn   | Place    | Note
-------+----------+-------------------------------------------
     0 | D:1      | Reached skill level 10 in Axes
     0 | D:1      | Fractals the Gnoll Wanderer began the quest for the Orb.
     0 | D:1      | Fractals set off with the following items: a +0 war axe, a
                  | +0 pair of gloves, a potion of berserk rage, a +0 leather
                  | armour; and the following spells available to memorise:
                  | Searing Ray, Static Discharge.
     0 | D:1      | Reached XP level 1. HP: 17/17 MP: 4/4
   153 | D:1      | Reached XP level 2. HP: 23/23 MP: 5/5
   496 | D:1      | HP: 1/23 [poisoned by a kobold]
   913 | D:2      | Reached XP level 3. HP: 28/28 MP: 7/7
   916 | D:2      | Reached skill level 1 in Invocations
   932 | D:2      | Reached skill level 1 in Short Blades
   932 | D:2      | Reached skill level 1 in Long Blades
   932 | D:2      | Reached skill level 1 in Maces & Flails
   932 | D:2      | Reached skill level 1 in Polearms
   932 | D:2      | Reached skill level 1 in Staves
   932 | D:2      | Reached skill level 1 in Ranged Weapons
   932 | D:2      | Reached skill level 1 in Armour
   932 | D:2      | Reached skill level 1 in Stealth
   932 | D:2      | Reached skill level 1 in Shields
   932 | D:2      | Reached skill level 1 in Unarmed Combat
   932 | D:2      | Reached skill level 1 in Evocations
   943 | D:2      | Reached skill level 1 in Shapeshifting
   943 | D:2      | Reached XP level 4. HP: 21/34 MP: 8/8
  1335 | D:2      | Reached skill level 1 in Hexes
  1335 | D:2      | Reached skill level 1 in Summonings
  1335 | D:2      | Reached skill level 1 in Necromancy
  1335 | D:2      | Reached skill level 1 in Translocations
  1335 | D:2      | Reached skill level 1 in Fire Magic
  1335 | D:2      | Reached skill level 1 in Ice Magic
  1335 | D:2      | Reached skill level 1 in Air Magic
  1335 | D:2      | Reached skill level 1 in Earth Magic
  1335 | D:2      | Reached skill level 1 in Alchemy
  1557 | D:2      | Reached XP level 5. HP: 40/40 MP: 9/9
  1861 | D:3      | Noticed Natasha
  1874 | D:3      | Killed Natasha
  2122 | D:3      | Noticed Natasha
  2131 | D:3      | Killed Natasha
  2421 | D:3      | Found a glowing silver altar of Zin.
  2422 | D:3      | Found an opulent altar of Gozag.
  2460 | D:3      | Reached XP level 6. HP: 47/47 MP: 11/11
  2555 | D:3      | Noticed Robin
  2569 | D:3      | Killed Robin
  2707 | D:3      | Noticed Natasha
  2748 | D:3      | Got Vehumet's Dissertation on Damage
  3164 | D:4      | Reached XP level 7. HP: 42/52 MP: 12/12
  3606 | D:4      | Found a stormy altar of Qazlal.
  3867 | D:4      | Found a sacrificial altar of Ru.
  3868 | D:4      | Found a burning altar of Makhleb.
  3936 | D:4      | Found a shimmering blue altar of Sif Muna.
  4045 | D:5      | Entered Level 5 of the Dungeon
  4449 | D:4      | Reached XP level 8. HP: 47/60 MP: 14/14
  4683 | D:5      | Found a runed translucent door.
  4683 | D:5      | Found the +6 shillelagh "Devastator" {shatter}
  4684 | D:5      | Noticed Crazy Yiuf
  4768 | D:4      | Reached skill level 11 in Axes
  5732 | D:6      | Found a blossoming altar of Fedhas.
  6261 | D:6      | Reached XP level 9. HP: 57/66 MP: 16/16
  6375 | D:7      | Reached skill level 5 in Spellcasting
  6703 | D:7      | Reached skill level 5 in Fighting
  6703 | D:7      | Reached skill level 5 in Throwing
  6703 | D:7      | Reached skill level 5 in Dodging
  6907 | D:7      | Slain by a yak

Illustrated notes

Levels and vault maps discovered:
D:1:      dpeg_arrival_stone_temple_mockup, layout_loops_ring
D:2:      layout_loops_cross, hangedman_decor_push
D:3:      layout_loops_ring, grunt_temple_overflow_gold_and_silver,
          reono_crystal_passage, uniq_robin, uniq_natasha
D:4:      layout_rooms, marbit_many_paths, lemuel_crystal_altar,
          nicolae_overflow_squiral, minmay_increasing_density
D:5:      layout_cave_pools, st_stairs_7, grunt_ministairs_1,
          uniq_crazy_yiuf_cottage
D:6:      layout_loops_ring, fedhas_altar_3, nicolae_nh_ransacked_shop
D:7:      layout_rooms, mainiacjoe_overflow_concentric_impassable,
          minmay_temple_entry_slanted, serial_library_hellmonk_open_cross,
          chequers_serial_rivers_room_a, kennysheep_generic_room_2

Skill      XL: |  1  2  3  4  5  6  7  8  9 |
---------------+----------------------------+-----
Axes           | 11 | 11.3
Conjurations   | 2 3 4 |  4.3
Invocations    | 1 2 3 4 |  4.9
Short Blades   | 1 2 3 4 |  4.4
Long Blades    | 1 2 3 4 |  4.4
Maces & Flails | 1 2 3 4 |  4.4
Polearms       | 1 2 3 4 |  4.4
Staves         | 1 2 3 4 |  4.4
Ranged Weapons | 1 2 3 4 |  4.4
Armour         | 1 2 3 4 |  4.4
Stealth        | 1 2 3 4 |  4.4
Shields        | 1 2 3 4 |  4.4
Unarmed Combat | 1 2 3 4 |  4.4
Evocations     | 1 2 3 4 |  4.4
Shapeshifting  | 1 2 3 4 |  4.0
Spellcasting   | 3 4 5 |  5.3
Hexes          | 1 2 3 |  3.6
Summonings     | 1 2 3 |  3.6
Necromancy     | 1 2 3 |  3.6
Translocations | 1 2 3 |  3.6
Fire Magic     | 1 2 3 |  3.6
Ice Magic      | 1 2 3 |  3.6
Air Magic      | 1 2 3 |  3.6
Earth Magic    | 1 2 3 |  3.6
Alchemy        | 1 2 3 |  3.6
Fighting       | 3 4 5 |  5.2
Throwing       | 3 4 5 |  5.2
Dodging        | 3 4 5 |  5.2

Action                     |  1- 3 |  4- 6 |  7- 9 || total
---------------------------+-------+-------+-------++-------
  Melee: War axe           |    77 |   206 |   174 ||   457
         Bite              |     5 |    16 |    54 ||    75
         Short sword       |       |       |   218 ||   218
  Throw: Dart              |     3 |    16 |       ||    19
         Boomerang         |       |     2 |       ||     2
    Use: Scroll            |       |     3 |     6 ||     9
 Armour: Leather armour    |    14 |       |       ||    14
         Ring mail         |    29 |   126 |       ||   155
         Chain mail        |       |    27 |   330 ||   357
  Dodge: Dodged            |    33 |   109 |   141 ||   283
  Block: Kite shield       |       |       |   128 ||   128

Table legend: (Time is in decaauts)
 A = Elapsed time spent in this place.
 B = Non-inter-level travel time spent in this place.
 C = Inter-level travel time spent in this place.
 D = Time resting spent in this place.
 E = Time spent auto-exploring this place.
 F = Levels seen in this place.
 G = Mean time per level.
                   A        B        C        D        E       F      G
               +--------+--------+--------+--------+--------+-----+--------+
         Total |   6910 |   6740 |    170 |   1427 |   3443 |   7 |  987.1 |
       Dungeon |   6910 |   6740 |    170 |   1427 |   3443 |   7 |  987.1 |
               +--------+--------+--------+--------+--------+-----+--------+

Top non-repeatable levels by time:
     D:3: 1291 daAuts
     D:4: 1155 daAuts
     D:6: 1121 daAuts
     D:2: 1001 daAuts
     D:5: 951 daAuts
     D:1: 924 daAuts
     D:7: 464 daAuts
